2621 views
Uploaded 2020-02-12 18:41:53
Game version 1.32 / 1.32.1
19:03 long 2on2 ladder game on (4)SynergyBigPaved
Saved by iggythefisk
2621 views
Uploaded 2020-02-12 18:41:53
Game version 1.32 / 1.32.1
19:03 long 2on2 ladder game on (4)SynergyBigPaved


82 units @ 11.3k
/ 1.1k
52 buildings @ 5.6k
/ 2.4k



| Belt of Giant Strength +6 | 1 | 400 |
| Ancient Janggo of Endurance | 1 | 500 |
| total: | 2 | 900g |
| Peasant | 26 | 1950 | / | 0 |
| Footman | 12 | 1620 | / | 0 |
| Priest | 3 | 405 | / | 30 |
| Rifleman | 7 | 1435 | / | 210 |
| Sorceress | 1 | 155 | / | 20 |
| Spell Breaker | 1 | 215 | / | 30 |
| total: | 50 | 5780g | / | 290w |
| Scout Tower | 16 | 480 | / | 320 |
| Arcane Tower | 2 | 140 | / | 100 |
| Guard Tower | 5 | 350 | / | 250 |
| Altar of Kings | 1 | 180 | / | 50 |
| Farm | 11 | 880 | / | 220 |
| Barracks | 1 | 160 | / | 60 |
| Arcane Vault | 2 | 260 | / | 60 |
| Town Hall | 2 | 770 | / | 410 |
| Lumber Mill | 1 | 120 | / | 0 |
| Blacksmith | 1 | 140 | / | 60 |
| Arcane Sanctum | 3 | 450 | / | 420 |
| Gryphon Aviary | 1 | 140 | / | 150 |
| Keep | 1 | 320 | / | 210 |
| Castle | 1 | 360 | / | 210 |
| total: | 39 | 3580g | / | 1750w |
| 0:01 | Peasant |
| 0:04 | Altar of Kings |
| 0:12 | Peasant |
| 0:17 | Farm |
| 0:19 | Barracks |
| 0:30 | Peasant |
| 0:37 | Peasant |
| 0:47 | Farm |
| 0:51 | Peasant |
| 1:18 | Peasant |
| 1:20 | Footman |
| 1:28 | Farm |
| 1:32 | Peasant |
| 1:44 | Footman |
| 1:45 | Footman |
| 1:54 | Peasant |
| 2:06 | Footman |
| 2:06 | Footman |
| 2:10 | Summon Water Elemental |
| 3:07 | Arcane Vault |
| 3:07 | Footman |
| 3:11 | Scout Tower |
| 3:19 | Peasant |
| 3:24 | Brilliance Aura |
| 3:27 | Town Hall |
| 3:32 | Peasant |
| 3:44 | Peasant |
| 3:52 | Arcane Tower |
| 3:59 | Peasant |
| 4:02 | Farm |
| 4:15 | Footman |
| 4:28 | Footman |
| 5:03 | Footman |
| 5:04 | Peasant |
| 5:48 | Peasant |
| 5:48 | Footman |
| 5:50 | Keep |
| 6:09 | Footman |
| 6:38 | Lumber Mill |
| 6:43 | Scout Tower |
| 6:44 | Scout Tower |
| 6:45 | Scout Tower |
| 6:57 | Defend |
| 7:34 | Arcane Tower |
| 7:52 | Guard Tower |
| 7:58 | Footman |
| 8:04 | Town Hall |
| 8:05 | Guard Tower |
| 8:22 | Farm |
| 8:23 | Farm |
| 9:24 | Peasant |
| 9:24 | Peasant |
| 9:41 | Arcane Sanctum |
| 9:46 | Blacksmith |
| 9:50 | Peasant |
| 9:51 | Peasant |
| 9:51 | Peasant |
| 9:58 | Peasant |
| 9:59 | Peasant |
| 10:06 | Arcane Sanctum |
| 10:15 | Storm Bolt |
| 10:34 | Summon Water Elemental |
| 10:41 | Peasant |
| 11:09 | Peasant |
| 11:09 | Peasant |
| 11:24 | Peasant |
| 11:24 | Peasant |
| 11:45 | Bash |
| 11:53 | Priest |
| 11:55 | Black Gunpowder |
| 11:56 | Rifleman |
| 12:19 | Priest |
| 12:20 | Castle |
| 12:21 | Arcane Sanctum |
| 12:23 | Rifleman |
| 12:25 | Farm |
| 12:25 | Farm |
| 12:28 | Farm |
| 12:34 | Scout Tower |
| 13:21 | Priest |
| 13:23 | Rifleman |
| 13:34 | Guard Tower |
| 13:37 | Improved Masonry |
| 13:37 | Advanced Masonry |
| 13:39 | Rifleman |
| 13:40 | Farm |
| 13:43 | Sorceress |
| 14:20 | Brilliance Aura |
| 14:45 | Rifleman |
| 14:47 | Spell Breaker |
| 14:53 | Refined Gunpowder |
| 15:13 | Arcane Vault |
| 15:52 | Scout Tower |
| 15:53 | Scout Tower |
| 15:53 | Scout Tower |
| 15:58 | Scout Tower |
| 15:58 | Scout Tower |
| 15:58 | Scout Tower |
| 16:01 | Rifleman |
| 16:03 | Priest Adept Training |
| 16:07 | Storm Bolt |
| 16:08 | Holy Light |
| 16:29 | Farm |
| 16:34 | Imbued Gunpowder |
| 16:37 | Gryphon Aviary |
| 16:47 | Scout Tower |
| 16:48 | Scout Tower |
| 16:48 | Scout Tower |
| 16:54 | Improved Lumber Harvesting |
| 17:07 | Long Rifles |
| 17:23 | Belt of Giant Strength +6 |
| 17:25 | Ancient Janggo of Endurance |
| 17:42 | Guard Tower |
| 17:43 | Scout Tower |
| 17:43 | Scout Tower |
| 17:46 | Rifleman |
| Right click | 1483 |
| Select group | 681 |
| Select | 651 |
| Build/train/purchase | 143 |
| Assign group | 91 |
| Misc. action | 54 |
| Use ability | 15 |
| Minimap ping | 5 |
| Resource trade | 4 |
| Remove unit | 1 |


| Rod of Necromancy | 1 | 150 |
| Ritual Dagger | 1 | 125 |
| Orb of Corruption | 1 | 375 |
| Scroll of Healing | 3 | 750 |
| Scroll of Protection | 1 | 150 |
| total: | 7 | 1550g |
| Acolyte | 7 | 525 | / | 0 |
| Ghoul | 3 | 360 | / | 0 |
| Crypt Fiend | 18 | 3870 | / | 720 |
| Obsidian Statue | 4 | 800 | / | 140 |
| total: | 32 | 5555g | / | 860w |
| Nerubian Tower | 1 | 100 | / | 20 |
| Crypt | 1 | 200 | / | 50 |
| Altar of Darkness | 1 | 180 | / | 50 |
| Ziggurat | 8 | 1200 | / | 400 |
| Graveyard | 1 | 215 | / | 0 |
| Tomb of Relics | 1 | 130 | / | 30 |
| Slaughterhouse | 1 | 140 | / | 135 |
| Halls of the Dead | 1 | 320 | / | 210 |
| Black Citadel | 2 | 650 | / | 460 |
| total: | 13 | 2065g | / | 665w |
| 0:03 | Acolyte |
| 0:08 | Crypt |
| 0:13 | Acolyte |
| 0:26 | Altar of Darkness |
| 0:29 | Ziggurat |
| 1:01 | Graveyard |
| 1:10 | Ghoul |
| 1:10 | Ghoul |
| 1:24 | Tomb of Relics |
| 1:35 | Ghoul |
| 1:51 | Ziggurat |
| 2:24 | Death Coil |
| 2:26 | Crypt Fiend |
| 2:26 | Crypt Fiend |
| 2:31 | Rod of Necromancy |
| 2:31 | Ritual Dagger |
| 3:13 | Crypt Fiend |
| 3:27 | Halls of the Dead |
| 3:47 | Crypt Fiend |
| 3:47 | Crypt Fiend |
| 4:02 | Ziggurat |
| 4:40 | Crypt Fiend |
| 5:04 | Crypt Fiend |
| 5:18 | Unholy Aura |
| 5:21 | Crypt Fiend |
| 6:17 | Crypt Fiend |
| 6:24 | Slaughterhouse |
| 6:27 | Ziggurat |
| 6:45 | Burrow |
| 6:53 | Creature Attack |
| 6:54 | Ziggurat |
| 7:24 | Frost Nova |
| 7:54 | Crypt Fiend |
| 8:04 | Obsidian Statue |
| 8:18 | Black Citadel |
| 8:37 | Scroll of Healing |
| 8:53 | Ziggurat |
| 9:15 | Improved Creature Attack |
| 9:17 | Death Coil |
| 9:18 | Frost Armor |
| 9:26 | Crypt Fiend |
| 10:00 | Obsidian Statue |
| 10:01 | Web |
| 10:54 | Crypt Fiend |
| 11:08 | Orb of Corruption |
| 12:18 | Crypt Fiend |
| 12:22 | Obsidian Statue |
| 12:23 | Acolyte |
| 12:29 | Ziggurat |
| 12:55 | Frost Nova |
| 13:09 | Destroyer Form |
| 13:31 | Acolyte |
| 13:40 | Crypt Fiend |
| 14:11 | Unholy Aura |
| 14:34 | Crypt Fiend |
| 14:34 | Obsidian Statue |
| 14:53 | Advanced Creature Attack |
| 15:25 | Acolyte |
| 15:26 | Acolyte |
| 15:27 | Acolyte |
| 16:13 | Scroll of Protection |
| 16:13 | Scroll of Healing |
| 16:23 | Scroll of Healing |
| 16:37 | Ziggurat |
| 16:47 | Creature Carapace |
| 17:02 | Crypt Fiend |
| 17:09 | Frost Armor |
| 17:23 | Crypt Fiend |
| 17:28 | Nerubian Tower |
| 17:40 | Crypt Fiend |
| 17:54 | Improved Creature Carapace |
| Right click | 1082 |
| Select group | 764 |
| Assign group | 318 |
| Select | 299 |
| Misc. action | 139 |
| Build/train/purchase | 91 |
| Use ability | 35 |
| Resource trade | 14 |
| Item give/drop | 3 |
| Remove unit | 1 |
49 units @ 8.7k
/ 1.4k
25 buildings @ 4k
/ 1.4k


| Rod of Necromancy | 4 | 600 |
| Orb of Corruption | 1 | 375 |
| Potion of Healing | 1 | 150 |
| Potion of Mana | 1 | 200 |
| Scroll of Town Portal | 1 | 350 |
| total: | 8 | 1675g |
| Acolyte | 5 | 375 | / | 0 |
| Ghoul | 4 | 480 | / | 0 |
| Crypt Fiend | 10 | 2150 | / | 400 |
| Obsidian Statue | 9 | 1800 | / | 315 |
| total: | 28 | 4805g | / | 715w |
| Graveyard | 1 | 215 | / | 0 |
| Crypt | 1 | 200 | / | 50 |
| Altar of Darkness | 1 | 180 | / | 50 |
| Ziggurat | 5 | 750 | / | 250 |
| Tomb of Relics | 1 | 130 | / | 30 |
| Slaughterhouse | 1 | 140 | / | 135 |
| Halls of the Dead | 1 | 320 | / | 210 |
| Black Citadel | 1 | 325 | / | 230 |
| total: | 10 | 1615g | / | 515w |
| 0:03 | Acolyte |
| 0:05 | Graveyard |
| 0:07 | Crypt |
| 0:18 | Acolyte |
| 0:18 | Acolyte |
| 0:41 | Altar of Darkness |
| 0:56 | Ziggurat |
| 1:11 | Ghoul |
| 1:11 | Ghoul |
| 1:32 | Tomb of Relics |
| 1:47 | Crypt Fiend |
| 1:59 | Ziggurat |
| 2:21 | Crypt Fiend |
| 2:21 | Crypt Fiend |
| 2:43 | Rod of Necromancy |
| 2:49 | Death Coil |
| 3:00 | Crypt Fiend |
| 3:46 | Halls of the Dead |
| 3:49 | Crypt Fiend |
| 4:16 | Ziggurat |
| 4:26 | Unholy Aura |
| 5:10 | Ghoul |
| 5:11 | Ghoul |
| 5:49 | Crypt Fiend |
| 6:10 | Black Citadel |
| 6:43 | Slaughterhouse |
| 7:20 | Crypt Fiend |
| 8:39 | Acolyte |
| 8:53 | Acolyte |
| 8:57 | Death Coil |
| 9:20 | Obsidian Statue |
| 9:24 | Frost Nova |
| 9:30 | Rod of Necromancy |
| 9:49 | Destroyer Form |
| 10:30 | Ziggurat |
| 10:38 | Creature Attack |
| 11:22 | Obsidian Statue |
| 11:23 | Crypt Fiend |
| 11:50 | Rod of Necromancy |
| 11:56 | Crypt Fiend |
| 11:58 | Obsidian Statue |
| 12:21 | Ziggurat |
| 13:04 | Web |
| 13:10 | Dark Ritual |
| 13:18 | Obsidian Statue |
| 13:19 | Improved Creature Attack |
| 13:23 | Orb of Corruption |
| 14:22 | Obsidian Statue |
| 14:23 | Obsidian Statue |
| 14:33 | Rod of Necromancy |
| 14:35 | Potion of Healing |
| 15:05 | Crypt Fiend |
| 15:18 | Potion of Mana |
| 15:41 | Obsidian Statue |
| 16:15 | Unholy Aura |
| 16:20 | Obsidian Statue |
| 16:21 | Advanced Creature Attack |
| 16:45 | Obsidian Statue |
| 17:01 | Creature Carapace |
| 17:12 | Scroll of Town Portal |
| 18:42 | Frost Nova |
| Select group | 1542 |
| Right click | 1483 |
| Select | 334 |
| Build/train/purchase | 87 |
| Assign group | 46 |
| Use ability | 30 |
| Misc. action | 28 |
| Item give/drop | 4 |
| Minimap ping | 3 |
| Remove unit | 1 |


| Rod of Necromancy | 2 | 300 |
| Ritual Dagger | 2 | 250 |
| Orb of Corruption | 1 | 375 |
| Potion of Mana | 2 | 400 |
| Scroll of Healing | 2 | 500 |
| total: | 9 | 1825g |
| Acolyte | 5 | 375 | / | 0 |
| Ghoul | 3 | 360 | / | 0 |
| Crypt Fiend | 11 | 2365 | / | 440 |
| Frost Wyrm | 2 | 770 | / | 240 |
| total: | 21 | 3870g | / | 680w |
| Spirit Tower | 1 | 145 | / | 40 |
| Nerubian Tower | 1 | 100 | / | 20 |
| Altar of Darkness | 2 | 360 | / | 100 |
| Ziggurat | 6 | 900 | / | 300 |
| Crypt | 2 | 400 | / | 100 |
| Graveyard | 1 | 215 | / | 0 |
| Tomb of Relics | 2 | 260 | / | 60 |
| Sacrificial Pit | 1 | 75 | / | 150 |
| Boneyard | 1 | 175 | / | 200 |
| Halls of the Dead | 1 | 320 | / | 210 |
| Black Citadel | 1 | 325 | / | 230 |
| total: | 15 | 2385g | / | 910w |
| 0:02 | Altar of Darkness |
| 0:06 | Altar of Darkness |
| 0:07 | Ziggurat |
| 0:09 | Acolyte |
| 0:19 | Acolyte |
| 0:35 | Crypt |
| 0:59 | Crypt |
| 1:01 | Graveyard |
| 1:38 | Tomb of Relics |
| 1:42 | Ziggurat |
| 1:46 | Tomb of Relics |
| 1:49 | Ghoul |
| 2:09 | Death Coil |
| 2:18 | Ghoul |
| 2:21 | Ghoul |
| 2:48 | Crypt Fiend |
| 3:17 | Crypt Fiend |
| 3:32 | Rod of Necromancy |
| 3:43 | Crypt Fiend |
| 4:24 | Spirit Tower |
| 4:25 | Nerubian Tower |
| 4:36 | Acolyte |
| 4:36 | Acolyte |
| 5:41 | Crypt Fiend |
| 5:41 | Crypt Fiend |
| 6:03 | Halls of the Dead |
| 6:17 | Ziggurat |
| 6:55 | Creature Attack |
| 7:48 | Unholy Aura |
| 9:14 | Black Citadel |
| 9:21 | Ritual Dagger |
| 9:56 | Burrow |
| 10:15 | Scroll of Healing |
| 10:15 | Orb of Corruption |
| 10:17 | Potion of Mana |
| 10:37 | Frost Nova |
| 10:44 | Sacrificial Pit |
| 12:19 | Scroll of Healing |
| 12:20 | Potion of Mana |
| 12:22 | Rod of Necromancy |
| 12:22 | Ritual Dagger |
| 12:49 | Boneyard |
| 13:07 | Death Coil |
| 13:33 | Improved Creature Attack |
| 13:37 | Crypt Fiend |
| 13:37 | Crypt Fiend |
| 14:39 | Crypt Fiend |
| 14:48 | Frost Wyrm |
| 15:21 | Creature Carapace |
| 15:29 | Acolyte |
| 15:40 | Ziggurat |
| 15:44 | Ziggurat |
| 15:47 | Ziggurat |
| 15:59 | Crypt Fiend |
| 16:47 | Frost Armor |
| 17:13 | Frost Wyrm |
| 17:21 | Crypt Fiend |
| 17:21 | Crypt Fiend |
| Select group | 2686 |
| Right click | 2415 |
| Select | 416 |
| Build/train/purchase | 72 |
| Use ability | 29 |
| Assign group | 24 |
| Misc. action | 13 |
| Resource trade | 6 |
| Minimap ping | 5 |
| Item give/drop | 3 |
โ